 Dungeon Crawl Stone Soup version 0.16-a0-4088-g7c8221e (webtiles) character file.

2117548 ThorGoll the Axe Maniac (level 27, 266/266 (273) HPs)
             Began as a Hill Orc Fighter on Feb 16, 2015.
             Was the Champion of the Shining One.
             Escaped with the Orb
             ... and 4 runes on Feb 23, 2015!
             The game lasted 08:53:41 (99650 turns).

ThorGoll the Axe Maniac (Hill Orc Fighter)         Turns: 99650, Time: 08:53:41

HP:   266/266 (273) AC: 51    Str: 35      XL:     27
MP:   36/36         EV: 29    Int:  8      God:    the Shining One [******]
Gold: 7646          SH:  0    Dex: 14 (15) Spells: 0 memorised, 53 levels left

rFire  + . .     SeeInvis +     a - +9 executioner's axe (holy)
rCold  . . .     Clarity  .     T - +12 plate armour of Xuowi {+Fly rPois rC+ Int-4 SInv}
rNeg   + + +     SustAb   .     (no shield)
rPois  +         Gourm    +     q - +2 helmet "Vopust" {rF+ MP-9 Str+2 Dex-3 Slay+2}
rElec  .         Spirit   .     n - +3 cloak of Flash {+Fly EV+4}
rCorr  .         Warding  .     y - +2 pair of fencer's gloves {EV+3 Dex+6 Slay+2}
rMut   .         Stasis   .     D - +1 pair of boots "Kleikki" {Str+3 Dex+4 SInv}
MR     +++..                    p - amulet of the gourmand
Stlth  ..........               x - ring "Xociec" {+Fly rC- MR+ Int+4 Dex-2 Slay+3}
                                s - +3 ring of slaying

@: very slightly contaminated, hasted, glowing, very quick, extremely resistant
to hostile enchantments, extremely unstealthy
A: mutation resistance 1, weak 1, placid magic 1
a: Divine Shield, Cleansing Flame, Summon Divine Warrior, Renounce Religion,
Evoke Flight
0: Orb of Zot
}: 4/15 runes: barnacled, silver, golden, gossamer


You escaped.
You worshipped the Shining One.
The Shining One was exalted by your worship.
You were not hungry.

You visited 12 branches of the dungeon, and saw 62 of its levels.
You visited 1 bazaar.
You visited 1 ziggurat, and saw 10 of its levels.
You also visited: Labyrinth, Trove, Ice Cave and Volcano.

You collected 13170 gold pieces.
You spent 5524 gold pieces at shops.

Inventory:

Hand weapons
 a - a +9 executioner's axe of holy wrath (weapon)
 G - a cursed +5 battleaxe of flaming
Missiles
 j - 7 poisoned javelins
 H - 30 javelins of penetration (quivered)
Armour
 n - the +3 cloak of Flash (worn) {+Fly EV+4}
   (You found it in a treasure trove)

   It affects your evasion (+4).
   It lets you fly.
 q - the +2 helmet "Vopust" (worn) {rF+ MP-9 Str+2 Dex-3 Slay+2}
   (You found it in a treasure trove)

   It affects your strength (+2).
   It affects your dexterity (-3).
   It affects your accuracy and damage with ranged weapons and melee attacks
   (+2).
   It protects you from fire.
   It affects your magic capacity (-9).
 u - a cursed +1 pair of boots of flying
 y - the +2 pair of fencer's gloves (worn) {EV+3 Dex+6 Slay+2}
   (You found it on level 1 of the Tomb of the Ancients)

   It affects your evasion (+3).
   It affects your dexterity (+6).
   It affects your accuracy and damage with ranged weapons and melee attacks
   (+2).
 D - the +1 pair of boots "Kleikki" (worn) {Str+3 Dex+4 SInv}
   (You found it in a treasure trove)

   It affects your strength (+3).
   It affects your dexterity (+4).
   It enhances your eyesight.
 T - the +12 plate armour of Xuowi (worn) {+Fly rPois rC+ Int-4 SInv}
   (You bought it in a shop on level 3 of the Orcish Mines)

   It affects your intelligence (-4).
   It protects you from cold.
   It protects you from poison.
   It enhances your eyesight.
   It lets you fly.
Jewellery
 i - a cursed amulet of resist corrosion
 m - a cursed ring of protection from cold
 p - an amulet of the gourmand (around neck)
 s - a +3 ring of slaying (left hand)
 w - the cursed amulet of the Tortoise {MR+ Regen+}
   (You found it on level 3 of the Tomb of the Ancients)

   [amulet of regeneration]

   It affects your resistance to hostile enchantments.
   It increases your rate of regeneration.
   It has a curse placed upon it.
 x - the ring "Xociec" (right hand) {+Fly rC- MR+ Int+4 Dex-2 Slay+3}
   (You found it on level 13 of the Dungeon)

   [ring of protection from magic]

   It affects your intelligence (+4).
   It affects your dexterity (-2).
   It affects your accuracy and damage with ranged weapons and melee attacks
   (+3).
   It makes you vulnerable to cold.
   It affects your resistance to hostile enchantments.
   It lets you fly.
 B - a cursed ring of teleportation
 K - the ring "Ofucinou" {+Blink +Fly rC+ Int-4 Slay-3 SInv}
   (You found it on level 3 of the Tomb of the Ancients)

   [ring of see invisible]

   It affects your intelligence (-4).
   It affects your accuracy and damage with ranged weapons and melee attacks
   (-3).
   It protects you from cold.
   It enhances your eyesight.
   It lets you fly.
   It lets you blink.
 O - a cursed amulet of rage
 Q - a cursed ring of protection from fire
 S - a cursed ring of protection from cold
Magical devices
 g - a wand of disintegration (14)
 C - a wand of heal wounds (9)
 J - a wand of digging (2)
 W - a wand of teleportation (6)
Scrolls
 e - 32 scrolls of identify
 f - 27 scrolls of remove curse
 h - 2 scrolls of fog
 o - 34 scrolls of teleportation
 t - 8 scrolls of fear
 A - 6 scrolls of recharging
 E - 6 scrolls of blinking
 R - 3 scrolls of silence
 Y - 2 scrolls of holy word
Potions
 b - 4 potions of restore abilities
 c - 3 potions of agility
 k - 9 potions of curing
 l - 2 potions of cure mutation
 r - 9 potions of cancellation
 I - 5 potions of berserk rage
 L - 7 potions of might
 N - 2 potions of resistance
 Z - 3 potions of haste
Books
 v - Otaivev's Reference Book on Dislocation
   (You found it on level 5 of a ziggurat)

   Spells                             Type                      Level
   a - Shroud of Golubria             Charms/Translocation         2
   b - Blink                          Translocation                2
   c - Passage of Golubria            Translocation                4
   d - Summon Forest                  Summoning/Translocation      5
 F - a book of Frost

   Spells                             Type                      Level
   a - Freeze                         Ice                          1
   b - Throw Frost                    Conjuration/Ice              2
   c - Ozocubu's Armour               Charms/Ice                   3
   d - Throw Icicle                   Conjuration/Ice              4
   e - Summon Ice Beast               Ice/Summoning                4
   f - Condensation Shield            Ice                          4
Miscellaneous
 M - an ornate deck of defence
 P - a disc of storms
Comestibles
 d - 42 meat rations
 z - a slice of pizza


   Skills:
 O Level 27 Fighting
 O Level 27 Axes
 O Level 27 Armour
 + Level 22.5 Dodging
   Level 3.2 Shields
 + Level 13.6 Spellcasting
 O Level 27 Invocations
 - Level 7.0 Evocations


You had 53 spell levels left.
You didn't know any spells.

Dungeon Overview and Level Annotations

Branches:
Dungeon (15/15)            Temple (1/1) D:5            Lair (8/8) D:8
 Shoals (5/5) Lair:3       Spider (5/5) Lair:3        Slime (0/6) Lair:7
    Orc (4/4) D:10            Elf (3/3) Orc:4        Vaults (5/5) D:14
  Crypt (3/3) Vaults:3       Tomb (3/3) Crypt:3      Depths (5/5) D:15
    Zot (5/5) Depths:5

Altars:
Ashenzari
Cheibriados
Dithmenos
Elyvilon
Fedhas
Gozag
Kikubaaqudgha
Makhleb
Nemelex Xobeh
Okawaru
Qazlal
Ru
Sif Muna
Trog
Vehumet
Xom
Yredelemnul
Zin
The Shining One
Beogh

Shops:
D:6 [   D:12 [(=?   Orc:2 [=}   Orc:3 [(:*   Orc:4 ((??*   Shoals:2 :
Shoals:4 %(:=   Vaults:1 *   Vaults:2 ([[(   Vaults:4 !   Depths:1 *

Portals:
Hell: Depths:1 Depths:2 Depths:3 Depths:4 Depths:5
Abyss: Depths:2 Depths:3 Depths:4 Depths:5
Pandemonium: Depths:3 Depths:5

Annotations:
D:3 Sigmund
Lair:8 1 runed door


Innate Abilities, Weirdness & Mutations

You are somewhat resistant to further mutation.
You are weak. (Str -2)
Your spells are a little easier to cast, but a little less powerful.


Message History

There is a stone staircase leading down here.
There is an open door here.
There is an open door here.
There is a stone staircase leading up here.
You climb upwards.
Level annotation: Sigmund You sense a powerful magical force warping space.
There is a stone staircase leading down here.
There is a stone staircase leading up here.
You climb upwards.
You sense a powerful magical force warping space.
There is a stone staircase leading down here.
Drink which item? (? for menu, Esc to quit)
You feel yourself speed up.
You are very lightly contaminated with residual magic.
There is an escape hatch in the ceiling here.
A mysterious force pulls you upwards. The hatch slams shut behind you.
You sense a powerful magical force warping space.
There is a staircase leading out of the dungeon here.
You have escaped!

.....##.#######.####.# #####
....###.# #.# #.# ...##
#.#######.# #.## #### #.........#
##..### #.###########.....### #.#
###........# ##### #######.###
##....####..###.... #.........#
#....## #...##.### .....##.#.#
##.@..## ##..##.# .....#....#
#......## #...#.### ..........#
##.......#####....##.
#...##....###....##....##.....##.
#######.#.##...#####........#.##.
#.#......####.........#....
#.####....#..........#####. ##+##
##.........###...# #. ##...##
##.......## #..#####.


There were no monsters in sight!

Vanquished Creatures
  7 orbs of fire (Zot:5)
  Mara (thrice) (Vaults:2)
  5 ancient liches
  2 pandemonium lords
  33 greater mummies
  Boris (twice) (Vaults:2 Vaults:5)
  Sojobo (Vaults:3)
  Margery (Vaults:3)
  Norris (Shoals:5)
  Saint Roka (Orc:4)
  11 Killer Klowns
  4 curse toes
  9 golden dragons
  Jory (Tomb:1)
  3 bone dragons
  A pearl dragon (Zig:7)
  Xtahua (Vaults:2)
  Arachne (Spider:3)
  Nikola (Depths:1)
  4 electric golems
  25 tentacled monstrosities
  5 liches
  A hellephant (Zot:2)
  A Hell Sentinel (Crypt:3)
  12 titans
  3 deep elf blademasters
  2 quicksilver dragons (Depths:4)
  Asterion (Spider:2)
  25 Orb Guardians (Zot:5)
  2 deep elf master archers (Elf:3)
  A kraken (Shoals:5)
  Polyphemus (Shoals:5)
  4 ancient champions
  2 octopode crushers
  An eldritch tentacle (Crypt:3)
  11 shadow dragons
  Rupert (Spider:3)
  Agnes (Vaults:2)
  9 tengu reavers
  Kirke (D:15)
  The ghost of inmateoo the Fetichist, a mighty VSAs of Dithmenos (Elf:2)
  11 large abominations
  11 sphinxes
  3 revenants
  An Executioner (Zig:10)
  Frances (D:15)
  11 draconian monks
  17 storm dragons
  2 daevas (Zig:7)
  Ilsuiw (Shoals:5)
  11 vault wardens
  12 fire giants
  Wiglaf (Vaults:2)
  Maud (Lair:3)
  2 chaos champions
  14 emperor scorpions
  10 frost giants
  8 draconian knights
  Aizul (Elf:1)
  3 iron dragons
  Louise (Shoals:4)
  5 draconian scorchers
  2 curse skulls
  4 angels
  7 ghost moths
  A warmonger (D:10)
  Gastronok (D:13)
  7 deep elf sorcerers
  4 ghouls
  6 draconian zealots
  2 cacodemons
  2 balrugs
  10 reapers
  Jorgrun (Tomb:1)
  9 draconian shifters
  2 spriggan defenders (Depths:3)
  7 draconian annihilators
  6 draconian callers
  9 ironheart preservers
  2 war gargoyles
  4 rakshasas
  7 very ugly things
  An ophan (Zig:7)
  19 stone giants
  The ghost of megamayne420 the Severer, a powerful DDBe of Trog (Elf:2)
  4 vampire knights
  8 deep elf demonologists
  9 green draconians
  3 grey draconians
  6 dire elephants
  12 white draconians
  A corrupter (Zot:1)
  Azrael (D:15)
  17 black draconians
  2 yellow draconians
  3 lorocyprocas
  8 bennus
  11 purple draconians
  7 red draconians
  7 mottled draconians
  9 deep elf annihilators
  14 pale draconians
  5 minotaurs
  11 merfolk javelineers
  Snorg (Spider:3)
  2 unborn
  6 deep elf death magi
  7 eidola
  28 fire dragons
  12 merfolk impalers
  16 jiangshi
  27 ettins
  2 blizzard demons (IceCv)
  23 mummy priests
  Josephine (D:10)
  17 yaktaur captains
  6 deep elf high priests
  14 great orbs of eyes
  25 vault guards
  23 ice dragons
  7 hydras
  Harold (Lair:8)
  9 death cobs
  Nessos (D:13)
  A monstrous demonspawn (D:10)
  3 satyrs (Shoals:4)
  An anaconda (shapeshifter) (Vaults:5)
  An alligator snapping turtle (Shoals:5)
  Erica (Lair:4)
  2 merfolk aquamancers
  2 spriggan air magi
  5 merfolk avatars
  15 deep troll earth magi
  16 ogre magi
  11 centaur warriors
  5 deep troll shamans
  21 dancing weapons
  38 death yaks
  The ghost of Charly the Carver, an experienced DrSk of Ashenzari (D:9)
  A hell beast (Depths:1)
  A death knight (Crypt:1)
  5 vampire magi
  6 tengu warriors
  7 orc high priests (Orc:4)
  7 spriggan berserkers
  A spectral dire elephant (Crypt:1)
  3 sun demons
  Nergalle (Orc:2)
  3 catoblepae
  6 shadow wraiths
  A salamander mystic (Depths:4)
  7 iron trolls
  18 deep elf knights
  22 skeletal warriors
  17 soul eaters
  A golden dragon zombie (Tomb:3)
  An infernal demonspawn (D:10)
  2 cherubim (Zig:7)
  6 flayed ghosts
  10 wizards
  An anaconda zombie (Tomb:1)
  17 deep trolls
  4 hell knights
  40 death scarabs
  Erolcha (Orc:3)
  9 death drakes
  A giant orange brain (shapeshifter) (Elf:2)
  4 unseen horrors
  12 sea snakes
  13 giant orange brains
  2 torturous demonspawn
  7 deep elf summoners
  10 ironbrand convokers
  An unseen horror (shapeshifter) (Vaults:3)
  An ice statue (IceCv)
  A spectral hydra (Depths:2)
  2 shadow demons
  3 obsidian statues
  A tengu zombie (Depths:1)
  2 golden dragon skeletons
  2 wolf spider zombies
  5 necromancers
  7 ice devils
  17 orb spiders
  Pikel (D:5)
  A gelid demonspawn (Depths:5)
  A swamp dragon (shapeshifter) (Elf:1)
  33 harpies
  9 hill giants
  3 deathcaps
  8 lindwurms
  17 deep elf conjurers
  2 ugly thing zombies (Vaults:2)
  A harpy (shapeshifter) (Vaults:5)
  2 frost giant zombies
  41 wolf spiders
  2 water nymphs
  28 anubis guards
  6 mana vipers
  A mana viper (shapeshifter) (Vaults:5)
  10 orc knights
  3 salamanders (Depths:4)
  2 stone giant zombies
  A hornet (shapeshifter) (Depths:1)
  3 orc sorcerers
  12 oklob plants
  A guardian serpent (shapeshifter) (Vaults:4)
  21 phantasmal warriors
  6 sixfirhies
  4 hornets
  11 cyclopes
  19 elephants
  3 salamanders (shapeshifter)
  A sphinx skeleton (Vaults:2)
  10 fauns
  19 griffons
  3 moths of wrath (shapeshifter)
  22 ugly things
  An apocalypse crab (Zig:5)
  14 manticores
  3 toenail golems (Volcano)
  A frost giant skeleton (Vaults:3)
  A dire elephant zombie (Tomb:2)
  9 sirens
  Maurice (Orc:2)
  A fire giant skeleton (Vaults:3)
  A human skeleton (Vaults:2)
  9 black mambas
  7 rust devils
  An elephant (shapeshifter) (Vaults:5)
  9 vault sentinels
  24 moths of wrath
  7 drowned souls
  5 spectral swamp worms (Depths:4)
  A shock serpent skeleton (Crypt:1)
  5 spiny frogs
  A black mamba (shapeshifter) (D:13)
  11 torpor snails
  An efreet (Vaults:1)
  3 orange crystal statues
  7 smoke demons
  5 gargoyles
  4 orange demons
  A mottled draconian zombie (Crypt:2)
  A white draconian zombie (Crypt:1)
  A black draconian zombie (Zot:2)
  9 kobold demonologists
  2 golden dragon simulacra (IceCv)
  40 guardian mummies
  An ancient zyme (Zig:2)
  10 komodo dragons
  56 yaktaurs
  16 freezing wraiths
  19 demonic crawlers
  A naga mage (D:15)
  The ghost of smajdalf the Chiller, an experienced OpIE (D:3)
  5 fire drakes
  2 spectral merfolk (Depths:2)
  2 blue devils
  A sea snake skeleton (Crypt:3)
  21 deep elf priests
  A harpy zombie (Crypt:1)
  32 jumping spiders
  A death drake zombie (Crypt:2)
  8 polar bears (Lair:8)
  A merfolk (shapeshifter) (Zig:9)
  A queen bee (Spider:1)
  8 trolls
  7 wind drakes
  54 merfolk
  A hydra skeleton (Tomb:1)
  6 hellwings
  A polar bear (shapeshifter) (Depths:4)
  3 red devils
  A tengu conjurer (Elf:1)
  A catoblepas zombie (Crypt:3)
  6 anaconda simulacra
  27 two-headed ogres
  3 giant leeches (Lair:8)
  2 bog bodies (Crypt:3)
  4 raiju
  A harpy skeleton (Tomb:1)
  A wolf spider simulacrum (IceCv)
  6 wandering mushrooms
  15 ravens
  6 boulder beetles
  A raven (shapeshifter) (Depths:2)
  36 slime creatures
  2 boulder beetles (shapeshifter)
  26 blink frogs
  An ettin zombie (Vaults:2)
  A satyr zombie (Crypt:3)
  An iron dragon simulacrum (Crypt:1)
  3 spriggans
  A fire giant simulacrum (Vaults:3)
  11 snapping turtles
  23 ushabtiu
  5 ynoxinuls
  3 wyverns
  68 redbacks
  15 water elementals
  22 wraiths
  4 centaur simulacra
  A fire dragon skeleton (Zig:3)
  20 shadows
  A trapdoor spider (shapeshifter) (Vaults:5)
  14 humans
  11 vampires
  28 flying skulls
  30 trapdoor spiders
  4 basilisks
  35 yaks
  2 ettin skeletons (Tomb:1)
  8 air elementals
  6 dire elephant simulacra
  An ice dragon skeleton (Crypt:1)
  29 tarantellas
  35 deep elf magi
  15 vampire mosquitoes
  A hippogriff (shapeshifter) (Vaults:2)
  2 hogs (D:15)
  13 hippogriffs
  4 chaos spawn
  A wind drake skeleton (Crypt:1)
  A death yak simulacrum (IceCv)
  12 hungry ghosts
  A wyvern (shapeshifter) (Vaults:5)
  3 mottled dragons
  An iron troll simulacrum (IceCv)
  34 deep elf fighters
  2 fire elementals
  Edmund (D:8)
  A merfolk zombie (Tomb:1)
  22 wargs
  4 neqoxecs
  33 wolves
  27 water moccasins
  3 spectral spriggans (Depths:2)
  12 hell hounds
  A spiny frog zombie (Crypt:1)
  6 hydra simulacra
  9 porcupines
  A water moccasin (shapeshifter) (Vaults:5)
  A harpy simulacrum (IceCv)
  A soldier ant (D:11)
  A soldier ant (shapeshifter) (Vaults:1)
  3 spectral trolls (Depths:2)
  2 boring beetles
  9 ice beasts
  A swamp drake (Depths:5)
  30 orc warriors
  30 spiders
  An elephant zombie (Crypt:2)
  8 wasps
  12 necrophages
  5 sky beasts
  4 slaves
  13 black bears
  7 boggarts
  A swamp dragon zombie (Tomb:1)
  4 phantoms
  An ettin simulacrum (IceCv)
  75 ogres
  An eye of draining (Zig:8)
  A boring beetle (shapeshifter) (Depths:4)
  21 centaurs
  15 crocodiles
  2 anubis guard skeletons
  Duvessa (D:5)
  20 big kobolds
  A brain worm (shapeshifter) (Vaults:5)
  A spectral human (Tomb:1)
  18 giant frogs
  3 brain worms (Lair:8)
  A lost soul (Elf:3)
  A salamander zombie (Crypt:1)
  2 wyvern zombies
  A gnoll sergeant (D:9)
  2 earth elementals (Depths:1)
  A dryad skeleton (Crypt:1)
  4 small abominations
  A salamander skeleton (Crypt:2)
  9 scorpions
  A water moccasin skeleton (D:8)
  34 wights
  A polar bear skeleton (Crypt:1)
  2 spectral nagas (Depths:2)
  A spriggan skeleton (Lab)
  A spectral centaur (Depths:2)
  A spectral ogre (Depths:2)
  38 killer bees
  6 centaur zombies
  5 electric eels
  3 quasits
  Dowan (D:5)
  A human zombie (Crypt:3)
  12 crimson imps
  3 giant frog zombies
  9 centaur skeletons
  A gnoll shaman (D:6)
  4 jellies
  Crazy Yiuf (D:7)
  2 draconian simulacra (IceCv)
  23 hounds
  A giant frog skeleton (D:12)
  An iron imp (Depths:5)
  A two-headed ogre skeleton (Crypt:2)
  47 orc priests
  7 iguanas
  27 orc wizards
  A porcupine zombie (Crypt:3)
  A spriggan simulacrum (Depths:2)
  5 troll simulacra (IceCv)
  A polar bear simulacrum (IceCv)
  11 worker ants
  8 hell rats
  An elf simulacrum (Vaults:3)
  28 sheep
  A sky beast zombie (Crypt:3)
  A big kobold skeleton (Crypt:3)
  An ogre zombie (Crypt:1)
  A human simulacrum (Tomb:1)
  2 ogre skeletons
  3 hound skeletons
  55 mummies
  24 river rats
  24 adders
  12 gnolls
  An ogre simulacrum (IceCv)
  A giant mite (D:9)
  5 naga simulacra (IceCv)
  11 shadow imps
  8 white imps
  18 worms
  A giant eyeball (Depths:2)
  15 ufetubi
  A sheep skeleton (Crypt:1)
  3 adder skeletons
  An adder zombie (D:7)
  9 giant geckos
  195 orcs
  18 bats
  A bat skeleton (Crypt:3)
  A bat zombie (D:6)
  6 giant cockroaches
  16 goblins
  13 hobgoblins
  21 jackals
  40 kobolds
  17 quokkas
  A giant gecko zombie (D:5)
  11 giant newts
  3 kobold zombies (D:6)
  An orc zombie (D:6)
  20 rats
  3 spectral orcs (Orc:2)
  9 ballistomycetes
  7 crawling corpses
  An eldritch tentacle segment (Zot:5)
  35 fungi
  26 plants
  3 tentacles (Shoals:5)
3955 creatures vanquished.

Vanquished Creatures (collateral kills)
  A greater mummy (Tomb:1)
  A pandemonium lord (Zig:9)
  2 very ugly things (Zig:9)
  A reaper (Tomb:1)
  A shadow wraith (Tomb:1)
  A shadow demon (Zig:9)
  A tormentor (Zig:10)
  An ettin skeleton (Tomb:1)
  2 shadows (Tomb:1)
  A water moccasin (Lair:6)
12 creatures vanquished.

Vanquished Creatures (others)
  An eldritch tentacle (Zot:5)
  A daeva (Zig:9)
  A draconian zealot (Zot:4)
  An ironheart preserver (Vaults:5)
  An unborn (Tomb:2)
  A deep elf high priest (Depths:4)
  An ogre mage (Vaults:1)
  A merfolk aquamancer (Shoals:5)
  A titan skeleton (Tomb:2)
  31 death scarabs (Tomb:2)
  4 drowned souls
  A fire giant simulacrum (Tomb:2)
  A merfolk (Tomb:2)
  A catoblepas skeleton (Tomb:2)
  A two-headed ogre (Vaults:4)
  3 deep elf magi
  An air elemental (Vaults:3)
  2 flying skulls (Tomb:3)
  A fire dragon skeleton (Tomb:2)
  3 humans (D:15)
  A wasp (Depths:3)
  2 ogres
  7 lost souls
  A scorpion (Spider:2)
  A hound (Lair:8)
  2 mummies (Tomb:2)
  2 ufetubi
  A kobold (D:9)
  4 giant spores
  27 eldritch tentacle segments
  8 fungi
  20 plants
  A tentacle (Shoals:5)
  12 tentacle segments (Shoals:5)
147 creatures vanquished.

Grand Total: 4114 creatures vanquished

Notes
Turn   | Place    | Note
--------------------------------------------------------------
     0 | D:1      | ThorGoll, the Hill Orc Fighter, began the quest for the Orb.
     0 | D:1      | Reached XP level 1. HP: 19/19 MP: 1/1
   244 | D:1      | Reached XP level 2. HP: 25/27 MP: 2/2
   532 | D:1      | Reached skill level 4 in Axes
  1020 | D:2      | Reached XP level 3. HP: 33/33 MP: 3/3
  1118 | D:2      | Found a basalt altar of Yredelemnul.
  1848 | D:3      | Noticed Sigmund
  2150 | D:3      | Reached skill level 5 in Axes
  2150 | D:3      | Reached XP level 4. HP: 36/40 MP: 4/4
  2298 | D:3      | Found a snail-covered altar of Cheibriados.
  2298 | D:3      | Found a white marble altar of Elyvilon.
  3135 | D:4      | Found a sparkling altar of Nemelex Xobeh.
  3418 | D:4      | Reached XP level 5. HP: 42/47 MP: 5/5
  3518 | D:4      | Reached skill level 6 in Axes
  3627 | D:5      | Entered Level 5 of the Dungeon
  3719 | D:5      | Got a slimy ring mail
  3735 | D:5      | Identified the +8 ring mail of Lugonu's Esteem {Dex+4} (You found it on level 5 of the Dungeon)
  3757 | D:5      | Reached XP level 6. HP: 53/55 MP: 6/6
  3766 | D:5      | Found a shadowy altar of Dithmenos.
  3777 | D:5      | Found an iron altar of Okawaru.
  3805 | D:5      | Reached skill level 5 in Fighting
  3809 | D:5      | Noticed an ogre
  3819 | D:5      | Killed an ogre
  3819 | D:5      | Reached skill level 7 in Axes
  3863 | D:5      | Noticed Dowan
  3883 | D:5      | Noticed Duvessa
  3886 | D:5      | Killed Dowan
  3902 | D:5      | Killed Duvessa
  3902 | D:5      | Reached XP level 7. HP: 29/61 MP: 7/7
  3932 | D:5      | Noticed an ice beast
  3944 | D:5      | Killed an ice beast
  3944 | D:5      | Reached skill level 8 in Axes
  4052 | D:5      | Noticed a slave
  4053 | D:5      | Noticed a slave
  4054 | D:5      | Noticed a slave
  4056 | D:5      | Noticed Pikel
  4057 | D:5      | Noticed a slave
  4173 | D:4      | Killed a slave
  4401 | D:5      | Found a staircase to the Ecumenical Temple.
  4411 | Temple   | Entered the Ecumenical Temple
  4662 | D:5      | Noticed a centaur
  4677 | D:5      | Killed a centaur
  4677 | D:5      | Reached skill level 5 in Armour
  5195 | D:5      | Killed a slave
  5201 | D:5      | Killed a slave
  5212 | D:5      | Killed a slave
  5213 | D:5      | Killed Pikel
  5213 | D:5      | Reached skill level 9 in Axes
  5213 | D:5      | Reached XP level 8. HP: 42/71 MP: 8/8
  5270 | D:5      | Reached skill level 10 in Axes
  5482 | D:3      | Noticed smajdalf's ghost (experienced OpIE)
  5498 | D:3      | Killed smajdalf's ghost
  6000 | D:6      | Found Griror's Armour Shoppe.
  6164 | D:6      | Reached XP level 9. HP: 74/79 MP: 9/9
  6222 | D:6      | Reached skill level 11 in Axes
  6670 | D:7      | Noticed Crazy Yiuf
  6678 | D:7      | Killed Crazy Yiuf
  7155 | D:7      | Found a glowing golden altar of the Shining One.
  7158 | D:7      | Reached skill level 12 in Axes
  7483 | D:8      | Noticed Edmund
  7493 | D:8      | Killed Edmund
  7760 | D:8      | Reached XP level 10. HP: 89/91 MP: 10/10
  7823 | D:7      | Became a worshipper of the Shining One
  7877 | D:8      | Reached skill level 13 in Axes
  7915 | D:8      | Found a staircase to the Lair.
  8844 | D:6      | Acquired the Shining One's first power
  8920 | D:6      | Noticed a moth of wrath
  8923 | D:6      | Found a bloodstained altar of Trog.
  9597 | D:9      | Noticed Charly's ghost (experienced DrSk)
  9781 | Lair:1   | Entered Level 1 of the Lair of Beasts
  9840 | Lair:1   | Reached skill level 14 in Axes
  9847 | Lair:1   | Reached skill level 10 in Fighting
 10260 | Lair:1   | Found a dark tunnel.
 10295 | Volcano  | Entered a volcano
 10405 | Volcano  | Noticed a toenail golem
 10411 | Volcano  | Reached XP level 11. HP: 90/101 MP: 11/11
 10419 | Volcano  | Killed a toenail golem
 10557 | Volcano  | Noticed a toenail golem
 10557 | Volcano  | Noticed a toenail golem
 10570 | Volcano  | Killed a toenail golem
 10570 | Volcano  | Reached skill level 15 in Axes
 10585 | Volcano  | Killed a toenail golem
 10925 | Lair:1   | Acquired the Shining One's second power
 11445 | Lair:2   | Reached skill level 10 in Armour
 11758 | Lair:2   | Reached skill level 16 in Axes
 12715 | Lair:3   | Noticed Maud
 13167 | D:9      | Reached XP level 12. HP: 104/112 MP: 12/12
 13259 | D:9      | Found a shattered altar of Ashenzari.
 13542 | D:9      | Killed Charly's ghost
 13763 | D:10     | Entered Level 10 of the Dungeon
 13894 | D:10     | Reached skill level 17 in Axes
 14242 | D:10     | Found a staircase to the Orcish Mines.
 14282 | D:10     | Noticed Josephine
 14293 | D:10     | Killed Josephine
 15122 | D:11     | Reached skill level 18 in Axes
 15725 | D:12     | Acquired the Shining One's third power
 15805 | D:12     | Reached XP level 13. HP: 122/122 MP: 13/13
 15899 | D:12     | Found Xaviv's Jewellery Boutique.
 15921 | D:12     | Noticed a tengu warrior
 15933 | D:12     | Killed a tengu warrior
 16282 | D:12     | Found Minoirut's Antique Weapon Shoppe.
 16363 | D:12     | Found Stelehei's Magic Scroll Boutique.
 16401 | D:12     | Got a transparent robe
 16407 | D:12     | Bought a scroll of magic mapping for 59 gold pieces
 16407 | D:12     | Bought 2 scrolls of identify for 68 gold pieces
 16407 | D:12     | Bought a scroll of amnesia for 59 gold pieces
 16407 | D:12     | Bought a scroll of teleportation for 51 gold pieces
 16407 | D:12     | Bought a scroll of identify for 34 gold pieces
 16407 | D:12     | Bought a scroll of identify for 34 gold pieces
 16407 | D:12     | Bought a scroll of enchant armour for 127 gold pieces
 16488 | D:12     | Acquired the Shining One's fourth power
 16489 | D:12     | Found Twoomoy's Armour Boutique.
 16529 | D:12     | Noticed a seven-headed hydra
 16991 | D:11     | Reached skill level 19 in Axes
 17304 | D:10     | Noticed a yaktaur captain
 17316 | D:10     | Killed a yaktaur captain
 17489 | Orc:1    | Entered Level 1 of the Orcish Mines
 18165 | Orc:2    | Noticed Maurice
 18191 | Orc:2    | Killed Maurice
 18293 | Orc:2    | Found Fryorghou's Gadget Shoppe.
 18411 | Orc:3    | Found Zeuqaubb's Antique Armour Boutique.
 18534 | Orc:3    | Found a shimmering altar of Xom.
 18571 | Orc:3    | Found Qauxa Sutt's Antique Weapon Shop.
 18696 | Orc:3    | Noticed Erolcha
 18705 | Orc:3    | Killed Erolcha
 18893 | Orc:3    | Found Shiare Selu's Book Emporium.
 18931 | Orc:3    | Found Qetzil's General Store.
 18934 | Orc:3    | Noticed an ettin
 18946 | Orc:3    | Killed an ettin
 18970 | Orc:3    | Bought a scroll of fear for 59 gold pieces
 18970 | Orc:3    | Bought a potion of curing for 51 gold pieces
 18970 | Orc:3    | Bought 16 sling bullets of frost for 326 gold pieces
 18971 | Orc:3    | Bought a scroll of fog for 34 gold pieces
 19219 | Orc:3    | Bought a jewelled plate armour for 756 gold pieces
 19250 | Orc:3    | Identified the +12 plate armour of Xuowi {+Fly rPois+ rC+ Int-4 SInv} (You bought it in a shop on level 3 of the Orcish Mines)
 19271 | Orc:4    | Entered Level 4 of the Orcish Mines
 19273 | Orc:4    | Noticed Saint Roka
 19558 | Lair:3   | Killed Maud
 19587 | Lair:3   | Reached XP level 14. HP: 110/133 MP: 14/14
 19775 | Lair:3   | Found a hole to the Spider Nest.
 19882 | Lair:3   | Reached skill level 20 in Axes
 20085 | Lair:3   | Found a staircase to the Shoals.
 20751 | Lair:4   | Noticed Erica
 20758 | Lair:4   | Killed Erica
 21896 | Lair:5   | Reached skill level 15 in Fighting
 22183 | Lair:5   | Found a runed door.
 22670 | Lair:6   | Reached skill level 21 in Axes
 22692 | Lair:6   | You fall through a shaft for 2 floors!
 22692 | Lair:8   | Entered Level 8 of the Lair of Beasts
 23216 | Lair:7   | Found a labyrinth entrance.
 23232 | Lab      | Entered a labyrinth
 23233 | Lab      | Upgraded the game from 0.16-a0-4008-gc88e425 to 0.16-a0-4020-g6ff35b5
 23998 | Lab      | Reached XP level 15. HP: 141/141 MP: 15/15
 24800 | Lab      | Got a crystal rapier
 24800 | Lab      | Got a ripped robe
 24800 | Lab      | Got a steaming chain mail
 24833 | Lair:7   | Identified the +1 robe "Kiaz" {MR- Int+6} (You found it in a labyrinth)
 24843 | Lair:7   | Identified the +3 chain mail "Bromiorr" {Int+3} (You found it in a labyrinth)
 24857 | Lair:7   | Identified the +9 rapier of Eternal Torment {venom, -Cast Str-4 Int+5 Dex+9} (You found it in a labyrinth)
 25373 | Lair:7   | Found a staircase to the Slime Pits.
 25738 | Lair:8   | Found a runed door.
 25809 | Lair:8   | Reached skill level 22 in Axes
 25867 | Lair:8   | Lost intelligence.
 26157 | Lair:8   | Lost intelligence.
 26385 | Lair:8   | Noticed Harold
 26401 | Lair:8   | Killed Harold
 27894 | D:12     | Killed a seven-headed hydra
 28247 | D:12     | Identified the Collected Works on Combat Magic
 28508 | D:13     | Found a burning altar of Makhleb.
 28513 | D:13     | Noticed Nessos
 28572 | D:13     | Killed Nessos
 28572 | D:13     | Reached skill level 15 in Armour
 28589 | D:13     | Noticed Gastronok
 28607 | D:13     | Killed Gastronok
 28617 | D:13     | Got a scorched great sword
 28618 | D:13     | Identified the cursed +1 great sword of Gum Cirph {venom, +Rage rPois MP-9 Stlth+} (You found it on level 13 of the Dungeon)
 28647 | D:13     | Got a distressingly furry scale mail
 28658 | D:13     | Identified the +6 scale mail of the Planets {rF+ rC- MR+ Slay+2} (You found it on level 13 of the Dungeon)
 28714 | D:13     | Got a shimmering bone ring
 28716 | D:13     | Identified the ring "Xociec" {+Fly rC- MR+ Int+4 Dex-2 Slay+3} (You found it on level 13 of the Dungeon)
 29233 | D:14     | Reached XP level 16. HP: 152/152 MP: 16/16
 29362 | D:14     | Found a portal to a secret trove of treasure.
 29488 | D:14     | Reached skill level 23 in Axes
 29858 | D:14     | Found a gate to the Vaults.
 30403 | D:15     | Entered Level 15 of the Dungeon
 30819 | D:15     | Noticed Kirke
 30832 | D:15     | Killed Kirke
 30900 | D:15     | Noticed Azrael
 31164 | D:15     | Killed Azrael
 31192 | D:15     | Found a staircase to the Depths.
 31623 | D:15     | Found an opulent altar of Gozag.
 31629 | D:15     | Noticed Frances
 31670 | D:15     | Killed Frances
 32195 | Lair:1   | Upgraded the game from 0.16-a0-4020-g6ff35b5 to 0.16-a0-4023-g001212b
 32379 | Orc:2    | Found Tuecoef's Jewellery Emporium.
 32404 | Orc:2    | Noticed Nergalle
 32416 | Orc:2    | Killed Nergalle
 32426 | Orc:2    | Found Boewasemie's Antique Armour Boutique.
 32989 | Orc:4    | Killed Saint Roka
 33652 | Orc:4    | Found Hoimpoh's Magic Scroll Emporium.
 33652 | Orc:4    | Found Afayshim's Magic Scroll Boutique.
 33659 | Orc:4    | Reached skill level 24 in Axes
 33692 | Orc:4    | Bought a scroll of blinking for 127 gold pieces
 33692 | Orc:4    | Bought a scroll of holy word for 127 gold pieces
 33895 | Orc:4    | Found Mnuetiq's Weapon Boutique.
 33925 | Orc:4    | Found Shaeles' Antique Weapon Emporium.
 33962 | Orc:4    | Found a roughly hewn altar of Beogh.
 33970 | Orc:4    | Found a staircase to the Elven Halls.
 33987 | Orc:4    | Found Heixiw Maczu's Assorted Antiques.
 34169 | Orc:4    | Bought a scroll of acquirement for 884 gold pieces
 34337 | D:7      | Identified a +4 executioner's axe of holy wrath (a +2 executioner's axe of electrocution blessed by the Shining One)
 34511 | Shoals:1 | Entered Level 1 of the Shoals
 35059 | Shoals:1 | Reached XP level 17. HP: 158/162 MP: 22/24
 35146 | Shoals:1 | Noticed an octopode crusher
 35538 | Spider:1 | Entered Level 1 of the Spider Nest
 35731 | Spider:1 | Reached skill level 1 in Evocations
 35814 | Spider:1 | Reached skill level 5 in Invocations
 36775 | Spider:2 | Got a warped battleaxe
 36776 | Spider:2 | Identified the +7 battleaxe of Skug {drain, Str+5} (You found it on level 2 of the Spider Nest)
 36894 | Spider:2 | Noticed Asterion
 36903 | Spider:2 | Killed Asterion
 38550 | Spider:3 | Noticed Snorg
 38560 | Spider:3 | Killed Snorg
 38803 | Spider:3 | Noticed Arachne
 38824 | Spider:3 | Killed Arachne
 39123 | Spider:3 | Noticed Rupert
 39135 | Spider:3 | Killed Rupert
 40187 | Spider:4 | Reached XP level 18. HP: 168/172 MP: 30/30
 40539 | Spider:5 | Entered Level 5 of the Spider Nest
 40549 | Spider:5 | Reached skill level 25 in Axes
 40998 | Spider:5 | Reached skill level 5 in Evocations
 41066 | Spider:5 | Reached skill level 10 in Invocations
 41915 | Spider:5 | Reached skill level 1 in Dodging
 42970 | Spider:5 | Got a gossamer rune of Zot
 43822 | Depths:1 | Entered Level 1 of the Depths
 43837 | Depths:1 | Found a gateway to a ziggurat.
 43929 | Depths:1 | Noticed Nikola
 43944 | Depths:1 | Killed Nikola
 44548 | Depths:1 | Found a gateway to Hell.
 44792 | Depths:1 | Found Qeusoq's Demolitions Depot.
 45136 | Depths:1 | Reached XP level 19. HP: 137/181 MP: 32/32
 46614 | Depths:3 | Reached skill level 26 in Axes
 47273 | Depths:2 | Noticed an ancient lich
 47280 | Depths:2 | Killed an ancient lich
 47998 | Depths:2 | Reached skill level 5 in Dodging
 48518 | Depths:2 | Reached XP level 20. HP: 189/189 MP: 33/33
 49234 | Depths:2 | Found a one-way gate to the infinite horrors of the Abyss.
 49249 | Depths:2 | Reached XP level 21. HP: 196/196 MP: 16/34
 49501 | Depths:2 | Reached skill level 27 in Axes
 49677 | Depths:3 | Got a fine halberd
 50398 | Lair:1   | Identified the +8 halberd "Uttoyrugh" {venom, rN+ MR++ Str-3 SInv} (You found it on level 3 of the Depths)
 50760 | D:14     | You paid a toll of a +4 ice dragon armour to enter a treasure trove
 50761 | Trove    | Entered a treasure trove
 50774 | Trove    | Got a steaming helmet
 50782 | Trove    | Got an ichor-stained leather armour
 50786 | Trove    | Got a polished ring mail
 50788 | Trove    | Got a pair of ancient boots
 50800 | Trove    | Got a twisted robe
 50826 | D:14     | Identified the +2 helmet "Vopust" {rF+ MP-9 Str+2 Dex-3 Slay+2} (You found it in a treasure trove)
 50847 | D:14     | Identified the +1 pair of boots "Kleikki" {Str+3 Dex+4 SInv} (You found it in a treasure trove)
 50857 | D:14     | Identified the cursed -4 leather armour of Magic {+Fly rElec rF+ Stlth-} (You found it in a treasure trove)
 50873 | D:14     | Identified the +2 ring mail of Absolutism {-Cast rPois rF+ MR+ rCorr} (You found it in a treasure trove)
 50876 | D:14     | Identified the cursed -2 robe of Psisawn {SInv} (You found it in a treasure trove)
 50900 | D:14     | Upgraded the game from 0.16-a0-4023-g001212b to 0.16-a0-4038-ge07a62f
 50939 | Vaults:1 | Entered Level 1 of the Vaults
 51177 | Vaults:1 | Found Grei's General Store.
 52048 | Vaults:2 | Found Fuurhic's Armour Boutique.
 52160 | Vaults:2 | Found Cakhlae's Antique Weapon Shoppe.
 52178 | Vaults:2 | Found Creodixa's Distillery.
 52187 | Vaults:2 | Noticed Wiglaf
 52197 | Vaults:2 | Noticed Xtahua
 52197 | Vaults:2 | Killed Wiglaf
 52204 | Vaults:2 | Killed Xtahua
 52365 | Vaults:2 | Found Cheshrena's Armour Shoppe.
 52710 | Vaults:2 | Noticed Agnes
 52717 | Vaults:2 | Killed Agnes
 52853 | Vaults:2 | Noticed Mara
 52857 | Vaults:2 | Noticed ThorGoll's illusion
 52869 | Vaults:2 | Killed Mara
 52909 | Vaults:2 | Killed Mara
 53080 | Vaults:2 | Killed Mara
 53305 | Vaults:2 | Noticed Boris
 53325 | Vaults:2 | Killed Boris
 53325 | Vaults:2 | Reached XP level 22. HP: 206/208 MP: 27/36
 53337 | Vaults:2 | Found Goja's Antique Weapon Shoppe.
 53444 | Vaults:2 | Upgraded the game from 0.16-a0-4038-ge07a62f to 0.16-a0-4048-g245e628
 54095 | Vaults:3 | Found a staircase to the Crypt.
 54095 | Vaults:3 | Found a basalt altar of Yredelemnul.
 54096 | Vaults:3 | Found an ancient bone altar of Kikubaaqudgha.
 54166 | Vaults:3 | Noticed Sojobo
 54503 | Vaults:3 | Noticed Margery
 54601 | Vaults:3 | Killed Margery
 54601 | Vaults:3 | Reached skill level 15 in Invocations
 56065 | Vaults:3 | Killed Sojobo
 56336 | Vaults:4 | Found Veuckutt's Distillery.
 56368 | Vaults:4 | Bought a potion of resistance for 100 gold pieces
 56368 | Vaults:4 | Bought a potion of curing for 30 gold pieces
 56368 | Vaults:4 | Bought a potion of cancellation for 80 gold pieces
 56368 | Vaults:4 | Bought a potion of might for 40 gold pieces
 56368 | Vaults:4 | Bought a potion of berserk rage for 50 gold pieces
 56368 | Vaults:4 | Bought a potion of curing for 30 gold pieces
 56368 | Vaults:4 | Bought a potion of haste for 100 gold pieces
 56368 | Vaults:4 | Bought a potion of curing for 30 gold pieces
 56651 | Vaults:4 | Reached XP level 23. HP: 221/221 MP: 28/37
 57265 | Crypt:1  | Entered Level 1 of the Crypt
 58423 | Crypt:2  | Got a scorched ring mail
 58657 | Crypt:3  | Entered Level 3 of the Crypt
 58770 | Crypt:3  | Found a staircase to the Tomb.
 58829 | Crypt:3  | Identified the +2 ring mail of Gozag's Delight {rN++ Str-2} (You found it on level 2 of the Crypt)
 58841 | Crypt:3  | Identified the Disquisition on Destructive Necromancy (You found it on level 3 of the Crypt)
 59643 | Crypt:3  | Got a shimmering fire dragon armour
 59652 | Crypt:3  | Identified the +4 fire dragon armour of Dishonesty {rF++ rC- Regen+} (You found it on level 3 of the Crypt)
 59780 | Tomb:1   | Entered Level 1 of the Tomb of the Ancients
 59830 | Tomb:1   | Noticed Jorgrun
 59840 | Tomb:1   | Killed Jorgrun
 59896 | Tomb:1   | Noticed Jory
 59914 | Tomb:1   | Killed Jory
 60409 | D:14     | Gained mutation: You are somewhat resistant to further mutation. [potion of beneficial mutation]
 60882 | Shoals:1 | Reached XP level 24. HP: 215/240 MP: 29/38
 61230 | Shoals:1 | Killed an octopode crusher
 61612 | Shoals:2 | Found Baesavo's Book Shop.
 63249 | Shoals:4 | Found Pyem's Food Emporium.
 63401 | Shoals:4 | Found Twasu's Weapon Shop.
 63452 | Shoals:4 | Found Fomiylo's Book Shop.
 64006 | Shoals:4 | Noticed Louise
 64017 | Shoals:4 | Found Yxzi's Jewellery Shoppe.
 64030 | Shoals:4 | Killed Louise
 64425 | Shoals:5 | Entered Level 5 of the Shoals
 64451 | Shoals:5 | Got a vibrating copper ring
 64453 | Shoals:5 | Identified the ring "Ladops" {rC+ rN+ Dex-5 Slay+3} (You found it on level 5 of the Shoals)
 64648 | Shoals:5 | Noticed Ilsuiw
 64656 | Shoals:5 | Killed Ilsuiw
 65025 | Shoals:5 | Noticed Norris
 65284 | Shoals:5 | Killed Norris
 65312 | Shoals:5 | Got a barnacled rune of Zot
 65529 | Shoals:5 | Noticed Polyphemus
 65543 | Shoals:5 | Killed Polyphemus
 65960 | Lair:1   | Upgraded the game from 0.16-a0-4048-g245e628 to 0.16-a0-4053-g5391420
 66124 | Elf:1    | Entered Level 1 of the Elven Halls
 66647 | Elf:1    | Found a frozen archway.
 66653 | IceCv    | Entered an ice cave
 66913 | IceCv    | Reached XP level 25. HP: 253/253 MP: 29/38
 66976 | IceCv    | Got a heavily runed hat
 67210 | Elf:1    | Identified the cursed -3 hat of the Heavens {-Tele rF+ rCorr Slay+2 Stlth+} (You found it in an ice cave)
 67279 | Elf:1    | Noticed Aizul
 67295 | Elf:1    | Killed Aizul
 67575 | Elf:2    | Found a flickering gateway to a bazaar.
 67626 | Bazaar   | Entered a bazaar
 67626 | Bazaar   | Found Siohigrut's General Store.
 67626 | Bazaar   | Found Ytettits' Book Boutique.
 67626 | Bazaar   | Found Sheyly's Antique Weapon Shoppe.
 67627 | Bazaar   | Found Momufuiqou's Distillery.
 67629 | Bazaar   | Found Bradecim's Food Shop.
 67668 | Bazaar   | Bought a bread ration for 70 gold pieces
 67668 | Bazaar   | Bought a scroll of blinking for 105 gold pieces
 67668 | Bazaar   | Bought a potion of curing for 42 gold pieces
 67668 | Bazaar   | Bought a meat ration for 70 gold pieces
 67668 | Bazaar   | Bought a potion of restore abilities for 70 gold pieces
 67679 | Bazaar   | Bought a meat ration for 35 gold pieces
 67679 | Bazaar   | Bought a beef jerky for 10 gold pieces
 67679 | Bazaar   | Bought a slice of pizza for 10 gold pieces
 67679 | Bazaar   | Bought a meat ration for 35 gold pieces
 67679 | Bazaar   | Bought a meat ration for 35 gold pieces
 67679 | Bazaar   | Bought a meat ration for 35 gold pieces
 67679 | Bazaar   | Bought a bread ration for 35 gold pieces
 67679 | Bazaar   | Bought a beef jerky for 10 gold pieces
 67679 | Bazaar   | Bought a beef jerky for 10 gold pieces
 67679 | Bazaar   | Bought a meat ration for 35 gold pieces
 67679 | Bazaar   | Bought 2 fruits for 21 gold pieces
 67679 | Bazaar   | Bought a royal jelly for 14 gold pieces
 67679 | Bazaar   | Bought a slice of pizza for 10 gold pieces
 67682 | Bazaar   | Bought a potion of cure mutation for 315 gold pieces
 67682 | Bazaar   | Bought a potion of beneficial mutation for 315 gold pieces
 67682 | Bazaar   | Bought a potion of might for 36 gold pieces
 67682 | Bazaar   | Bought a potion of might for 36 gold pieces
 67682 | Bazaar   | Bought a potion of agility for 36 gold pieces
 67682 | Bazaar   | Bought a potion of restore abilities for 45 gold pieces
 67682 | Bazaar   | Bought a potion of might for 36 gold pieces
 67682 | Bazaar   | Bought a potion of berserk rage for 45 gold pieces
 67682 | Bazaar   | Bought a potion of curing for 27 gold pieces
 67687 | Bazaar   | Bought Luasixao's Tome of Good Luck for 725 gold pieces
 67718 | Elf:2    | Noticed inmateoo's ghost (mighty VSAs)
 67723 | Elf:2    | Killed inmateoo's ghost
 68519 | Elf:2    | Found a runed gate.
 68520 | Elf:2    | Found a runed gate.
 68520 | Elf:2    | Found a runed gate.
 68791 | Elf:2    | Noticed megamayne420's ghost (powerful DDBe)
 68798 | Elf:2    | Killed megamayne420's ghost
 68999 | Elf:3    | Entered Level 3 of the Elven Halls
 69834 | Elf:3    | Reached skill level 10 in Dodging
 70492 | Elf:3    | Got a crude silver ring
 70920 | Lair:1   | Identified the ring of Yfrut {Wiz rN+++ MP+9 Int+2 Stlth-} (You found it on level 3 of the Elven Halls)
 71552 | Depths:2 | Reached skill level 27 in Fighting
 71601 | Depths:2 | Reached XP level 26. HP: 266/266 MP: 30/39
 71821 | Depths:3 | Found a one-way gate leading to the halls of Pandemonium.
 71835 | Depths:3 | Got a slimy iron ring
 72604 | Depths:3 | Reached XP level 27. HP: 234/273 MP: 31/40
 72890 | Depths:4 | Found a snail-covered altar of Cheibriados.
 73990 | Depths:5 | Entered Level 5 of the Depths
 74089 | Depths:5 | Identified the ring "Kasi" {Fire -Tele +Inv Str-3 Int+4 Dex+4} (You took it off a deep elf demonologist on level 3 of the Depths)
 74814 | Depths:5 | Found a gate to the Realm of Zot.
 75807 | D:14     | Upgraded the game from 0.16-a0-4053-g5391420 to 0.16-a0-4060-g00983b4
 75864 | Vaults:5 | Entered Level 5 of the Vaults
 76480 | Vaults:5 | Noticed Boris
 76488 | Vaults:5 | Killed Boris
 76558 | Vaults:5 | Got a silver rune of Zot
 76694 | Vaults:5 | Got a pair of dazzling boots
 76705 | Vaults:5 | Identified the cursed +0 pair of boots "Vyif" {+Fly rC- rN+ MP+9 Str-4} (You found it on level 5 of the Vaults)
 77162 | Vaults:5 | Got a steaming great mace
 77203 | Vaults:5 | Reached skill level 1 in Spellcasting
 77891 | Vaults:5 | Got a shimmering plate armour
 77935 | Vaults:5 | Identified the +5 great mace "Ogrebane" {vamp, rN+ Str+3 Int+2 Stlth-} (You found it on level 5 of the Vaults)
 77963 | Vaults:5 | Identified the cursed -2 plate armour "Grugenk" {+Blink rC+ MR++} (You found it on level 5 of the Vaults)
 78010 | Vaults:5 | Got a pair of spiked boots
 78011 | Vaults:5 | Identified the cursed -2 pair of boots "Upusch" {MR+} (You found it on level 5 of the Vaults)
 78023 | Vaults:5 | Identified the Incunabulum of Conjuration and Poison (You found it on level 5 of the Vaults)
 78073 | Vaults:5 | Identified a +2 rod of ignition (12/12) (You found it on level 5 of the Vaults)
 78486 | Zot:1    | Entered Level 1 of the Realm of Zot
 78491 | Zot:1    | Noticed an ancient lich
 78495 | Zot:1    | Reached skill level 5 in Spellcasting
 78794 | Depths:5 | Killed an ancient lich
 79361 | Zot:1    | Reached skill level 15 in Dodging
 79872 | Zot:1    | Got a crude eveningstar
 79873 | Zot:1    | Identified the +6 eveningstar of the Tundras {drain, MR+ Int+7} (You found it on level 1 of the Realm of Zot)
 81780 | Zot:3    | Reached skill level 10 in Spellcasting
 82306 | Zot:3    | Noticed an orb of fire
 83081 | Zot:4    | Upgraded the game from 0.16-a0-4060-g00983b4 to 0.16-a0-4078-g0e80503
 83614 | Zot:5    | Entered Level 5 of the Realm of Zot
 84158 | Zig:1    | Entered Level 1 of a ziggurat
 84185 | Zig:2    | Entered Level 2 of a ziggurat
 84208 | Zig:3    | Entered Level 3 of a ziggurat
 84235 | Zig:3    | Got a transparent turquoise ring
 84237 | Zig:3    | Identified the ring "Ibokk" {Int+3 Dex+4 SInv} (You acquired it on level 3 of a ziggurat)
 84242 | Zig:4    | Entered Level 4 of a ziggurat
 84277 | Zig:5    | Entered Level 5 of a ziggurat
 84282 | Zig:5    | Noticed Tiuwaoq the pandemonium lord
 84296 | Zig:5    | Killed Tiuwaoq the pandemonium lord
 84331 | Zig:5    | Identified Otaivev's Reference Book on Dislocation
 84333 | Zig:5    | Got a brightly glowing chain mail
 84346 | Zig:5    | Identified the cursed -1 chain mail of the Morning {rElec rN+ Int-4 Dex-5 Stlth+} (You found it on level 5 of a ziggurat)
 84371 | Zig:6    | Entered Level 6 of a ziggurat
 84426 | Zig:7    | Entered Level 7 of a ziggurat
 84512 | Zig:7    | Identified a +4 rod of clouds (14/14) (You found it on level 6 of a ziggurat)
 84667 | Zig:8    | Entered Level 8 of a ziggurat
 84731 | Zig:8    | Identified the Handbook of Stolen Souls and Clay
 84742 | Zig:8    | Got a serpentine steel ring
 84746 | Zig:8    | Identified the ring "Bigail" {rC+ Str+3 Int+3 Dex+2 Slay-5} (You found it on level 8 of a ziggurat)
 84830 | Zig:9    | Entered Level 9 of a ziggurat
 84851 | Zig:9    | Noticed Eclietas the pandemonium lord
 84867 | Zig:9    | Killed Eclietas the pandemonium lord
 85310 | Zig:10   | Entered Level 10 of a ziggurat
 85323 | Zig:10   | Noticed Broim the pandemonium lord
 86050 | Tomb:1   | Noticed a greater mummy
 86054 | Tomb:1   | Noticed a greater mummy
 86102 | Tomb:1   | Killed a greater mummy
 86102 | Tomb:1   | Reached skill level 27 in Armour
 86124 | Tomb:1   | Killed a greater mummy
 86386 | Tomb:1   | Noticed a greater mummy
 86391 | Tomb:1   | Killed a greater mummy
 87474 | Tomb:1   | Noticed a greater mummy
 87475 | Tomb:1   | Noticed a greater mummy
 87475 | Tomb:1   | Noticed a greater mummy
 87476 | Tomb:1   | Noticed a greater mummy
 87476 | Tomb:1   | Noticed a greater mummy
 87510 | Tomb:2   | Killed a greater mummy
 87811 | Tomb:1   | Noticed a greater mummy
 88359 | Tomb:1   | Killed a greater mummy
 89632 | Tomb:1   | Killed a greater mummy
 89645 | Tomb:1   | Killed a greater mummy
 89869 | Tomb:1   | Killed a greater mummy
 89880 | Tomb:1   | Killed a greater mummy
 90062 | Tomb:1   | Noticed a greater mummy
 90073 | Tomb:1   | Killed a greater mummy
 90183 | Tomb:1   | Noticed a greater mummy
 90193 | Tomb:1   | Killed a greater mummy
 90490 | Tomb:1   | Noticed a greater mummy
 90498 | Tomb:1   | Noticed a greater mummy
 90503 | Tomb:1   | Killed a greater mummy
 90512 | Tomb:1   | Noticed a greater mummy
 90521 | Tomb:1   | Killed a greater mummy
 90525 | Tomb:1   | Killed a greater mummy
 90848 | Tomb:1   | Noticed a greater mummy
 90852 | Tomb:1   | Noticed a greater mummy
 90856 | Tomb:1   | Killed a greater mummy
 90858 | Tomb:1   | Noticed a greater mummy
 90860 | Tomb:1   | Noticed a greater mummy
 90864 | Tomb:1   | Killed a greater mummy
 90866 | Tomb:1   | Noticed a greater mummy
 91259 | Tomb:2   | Lost intelligence.
 91294 | Tomb:1   | Killed a greater mummy
 91331 | Tomb:1   | Killed a greater mummy
 91355 | Tomb:1   | Noticed a greater mummy
 91364 | Tomb:1   | Killed a greater mummy
 91466 | Tomb:2   | Reached skill level 27 in Invocations
 91599 | Tomb:1   | Noticed a greater mummy
 91614 | Tomb:1   | Killed a greater mummy
 91621 | Tomb:1   | Killed a greater mummy
 91836 | Tomb:2   | Lost intelligence.
 92020 | Tomb:3   | Entered Level 3 of the Tomb of the Ancients
 92271 | Tomb:2   | Lost intelligence.
 94655 | Tomb:3   | Got a golden rune of Zot
 94688 | Tomb:3   | Got a crude scale mail
 94696 | Tomb:3   | Got a scintillating bronze amulet
 94697 | Tomb:3   | Identified the amulet of the Tortoise {MR+ Regen+} (You found it on level 3 of the Tomb of the Ancients)
 94698 | Tomb:3   | Identified the cursed -7 scale mail of Existentialism {MR+ Int-5 Dex+4} (You found it on level 3 of the Tomb of the Ancients)
 94970 | Tomb:3   | Got a sparkling wooden ring
 94971 | Tomb:3   | Identified the ring "Ofucinou" {+Blink +Fly rC+ Int-4 Slay-3 SInv} (You found it on level 3 of the Tomb of the Ancients)
 94975 | Tomb:3   | Got a heavily runed leather armour
 94976 | Tomb:3   | Identified the +0 leather armour of Zeask {rPois Regen+ rCorr Int+2} (You found it on level 3 of the Tomb of the Ancients)
 94991 | Tomb:3   | Got a ripped robe
 94992 | Tomb:3   | Identified the cursed -2 robe of Exclusion {rC+ Slay+3} (You found it on level 3 of the Tomb of the Ancients)
 94999 | Tomb:3   | Got a twisted great mace
 95000 | Tomb:3   | Identified the +6 great mace "Adoaties" {flame, *Rage Noisy rPois rN+ MR+} (You found it on level 3 of the Tomb of the Ancients)
 95006 | Tomb:3   | Got a spiked ring mail
 95007 | Tomb:3   | Identified the +3 ring mail of Purpose {Int+4 Stlth+} (You found it on level 3 of the Tomb of the Ancients)
 95026 | Tomb:3   | Identified the Guide on Beguiling
 95039 | Tomb:3   | Got a shimmering bone ring
 95040 | Tomb:3   | Identified the ring of Okawaru's Hatred {rPois rF+} (You found it on level 3 of the Tomb of the Ancients)
 95559 | D:14     | Upgraded the game from 0.16-a0-4078-g0e80503 to 0.16-a0-4088-g7c8221e
 96607 | Zot:5    | Noticed an ancient lich
 96630 | Zot:5    | Killed an ancient lich
 96807 | Zot:5    | Noticed an orb of fire
 96855 | Zot:5    | Noticed an orb of fire
 96857 | Zot:5    | Killed an orb of fire
 96868 | Zot:5    | Gained mutation: You are weak. (Str -2) [an orb of fire]
 96878 | Zot:5    | Killed an orb of fire
 97071 | Zot:5    | Noticed an ancient lich
 97079 | Zot:5    | Killed an ancient lich
 97248 | Zot:5    | Noticed an ancient lich
 97262 | Zot:5    | Killed an ancient lich
 97568 | Zot:5    | Noticed an orb of fire
 97568 | Zot:5    | Noticed an orb of fire
 97572 | Zot:5    | Killed an orb of fire
 97578 | Zot:5    | Killed an orb of fire
 97701 | Zot:5    | Noticed an orb of fire
 97718 | Zot:5    | Killed an orb of fire
 97725 | Zot:5    | Noticed an orb of fire
 97744 | Zot:5    | Killed an orb of fire
 98213 | Zot:5    | Noticed an orb of fire
 98215 | Zot:5    | Gained mutation: Your spells are a little easier to cast, but a little less powerful. [an orb of fire]
 98224 | Zot:5    | Killed an orb of fire
 98890 | Zot:5    | Got the Orb of Zot
 99185 | Depths:3 | Noticed Chocs the pandemonium lord
 99208 | Depths:3 | Killed Chocs the pandemonium lord
 99650 | D:$      | Escaped with the Orb!

Action                   |  1- 3 |  4- 6 |  7- 9 | 10-12 | 13-15 | 16-18 | 19-21 | 22-24 | 25-27 || total
-------------------------+-------+-------+-------+-------+-------+-------+-------+-------+-------++-------
Melee: War axe           |   153 |   118 |   440 |  1064 |   131 |   119 |       |       |       ||  2025
       Battleaxe         |       |       |       |       |  1389 |   357 |       |    40 |       ||  1786
       Spear             |       |       |       |       |    57 |     3 |       |       |       ||    60
       Executioner's axe |       |       |       |       |       |   856 |   719 |  1213 |  2800 ||  5588
Throw: Javelin           |       |       |     3 |     6 |       |       |       |     9 |       ||    18
Invok: Divine Shield     |       |       |       |       |     2 |     6 |     1 |     1 |     4 ||    14
       Summon Divine War |       |       |       |       |       |       |     1 |     1 |     6 ||     8
 Abil: Evoke Flight      |       |       |       |       |       |     2 |     2 |       |       ||     4
Evoke: Wand              |       |       |       |       |     1 |       |     1 |     3 |     3 ||     8
  Use: Scroll            |       |       |     9 |     3 |    15 |    16 |    10 |     9 |    29 ||    91
       Potion            |       |       |       |       |       |     1 |     9 |     2 |    32 ||    44
 Stab: Sleeping          |       |       |     3 |     1 |       |       |       |       |       ||     4
       Distracted        |       |       |     1 |       |       |       |       |       |       ||     1
       Confused          |       |       |       |       |       |       |       |       |     1 ||     1
  Eat: Chunk             |     3 |     6 |    14 |    26 |    38 |    60 |    27 |    42 |    95 ||   311
       Fruit             |       |       |       |     1 |       |       |       |       |       ||     1
       Beef jerky        |       |       |       |       |     1 |       |       |       |       ||     1
       Bread ration      |       |       |       |       |     1 |       |       |       |       ||     1
       Pizza             |       |       |       |       |     1 |       |       |       |       ||     1
       Meat ration       |       |       |       |       |       |       |       |       |     3 ||     3
